 Dungeon Crawl Stone Soup version 0.29.1-12-g30fa7ad0bf (webtiles) character file.

Game seed: 14442053599480396029

62370 fishmans the Bludgeoner (level 15, -6/97 HPs)
             Began as a Gargoyle Fighter on Dec 20, 2022.
             Was the Champion of Okawaru.
             Mangled by Rupert
             ... wielding a +1 battleaxe of distortion
              (17 damage)
             ... on level 12 of the Dungeon on Dec 21, 2022.
             The game lasted 02:02:23 (29176 turns).

fishmans the Bludgeoner (Gargoyle Fighter)         Turns: 29176, Time: 02:02:24

Health: -6/97      AC: 35    Str: 37    XL:     15   Next: 6%
Magic:  15/15      EV: 11    Int:  9    God:    Okawaru [******]
Gold:   983        SH: 18    Dex:  9    Spells: 11/14 levels left

rFire   . . .      SeeInvis .   F - -1 demon whip (venom)
rCold   . . .      Faith    .   Z - +0 tower shield
rNeg    + . .      Spirit   .   z - +2 plate armour {rPois}
rPois   ∞          Reflect  +   S - +1 hat of Enosu {Str+4}
rElec   +          Harm     .   (no cloak)
rCorr   .          Rampage  .   J - +0 pair of gloves
Will    +....                   l - +2 pair of boots {Fly}
Stlth   ..........              y - amulet of reflection
HPRegen 0.26/turn               m - +4 ring of evasion
MPRegen 0.14/turn               W - +6 ring of strength

@: flying
A: sickness immunity, AC +11, big wings, negative energy resistance 1,
electricity resistance, torment resistance 1, petrification resistance
a: Renounce Religion, Heroism, Finesse, Duel


You were on level 12 of the Dungeon.
You worshipped Okawaru.
Okawaru was exalted by your worship.
You visited 3 branches of the dungeon, and saw 18 of its levels.
You visited the Abyss 1 time.

You collected 983 gold pieces.

Inventory:

Hand Weapons
 a - a +0 flail of freezing
 r - a +1 vorpal dire flail
 F - a -1 demon whip of venom (weapon)
Missiles
 d - 28 poisoned darts
 u - 8 boomerangs (quivered)
 O - 5 javelins
Armour
 l - a +2 pair of boots of flying (worn)
 s - a +0 plate armour
 z - a +2 plate armour of poison resistance (worn)
 J - a +0 pair of gloves (worn)
 S - the +1 hat of Enosu (worn) {Str+4}
   (Okawaru gifted it to you on level 11 of the Dungeon)

   Str:       It affects your strength (+4).
 T - a scarf of shadows
 Z - a +0 tower shield (worn)
Jewellery
 m - a +4 ring of evasion (left hand)
 w - a ring of see invisible
 y - an amulet of reflection (around neck)
 G - a ring of protection from cold
 Q - a ring of protection from fire
 U - a ring of magical power
 W - a +6 ring of strength (right hand)
Wands
 c - a wand of iceblast (4)
 h - a wand of polymorph (16)
 t - a wand of charming (23)
 B - a wand of flame (33)
 E - a wand of acid (1)
Scrolls
 b - 4 scrolls of amnesia
 e - 5 scrolls of fog
 i - 2 scrolls of enchant armour
 j - 5 scrolls of immolation
 n - 4 scrolls of brand weapon
 o - 7 scrolls of identify
 C - 3 scrolls of summoning
 H - 4 scrolls of poison
 N - 2 scrolls of enchant weapon
 P - a scroll of torment
 R - 3 scrolls of teleportation
 Y - 2 scrolls of acquirement
Potions
 f - 6 potions of flight
 g - 2 potions of cancellation
 k - 8 potions of curing
 p - 2 potions of ambrosia {unknown}
 v - a potion of mutation
 x - 2 potions of resistance
 A - 5 potions of attraction
 D - a potion of haste
 I - 4 potions of brilliance
 M - 3 potions of berserk rage
 V - 3 potions of lignification
 X - 2 potions of might


   Skills:
 + Level 12.9 Fighting
 - Level 17.1 Maces & Flails
 + Level 4.0 Throwing
 + Level 13.5 Armour
 + Level 6.7 Dodging
 + Level 7.5 Shields
 + Level 0.8 Air Magic


You had 11 spell levels left.
You knew the following spells:

 Your Spells              Type           Power      Damage    Failure   Level
a - Swiftness             Air            1%         N/A       100%        3

Your spell library contained the following spells:

 Spells                   Type           Power      Damage    Failure   Level
 Freeze                   Ice            0%         1d3       100%        1
 Shock                    Conj/Air       0%         1d3       100%        1
 Slow                     Hex            0%         N/A       100%        1
 Confusing Touch          Hex            0%         N/A       100%        3
 Dazzling Flash           Conj/Hex       0%         N/A       100%        3
 Frozen Ramparts          Ice            0%         1d1       100%        3
 Ozocubu's Armour         Ice            0%         N/A       100%        3
 Vampiric Draining        Necr           0%         2d6       100%        3
 Airstrike                Air            0%         2d(1-17)  100%        4
 Hailstorm                Conj/Ice       0%         3d3       100%        4
 Agony                    Necr           0%         N/A       100%        5
 Lightning Bolt           Conj/Air       0%         1d11      100%        5
 Metabolic Englaciation   Hex/Ice        0%         N/A       100%        5
 Silence                  Hex/Air        0%         N/A       100%        5
 Ozocubu's Refrigeration  Ice            0%         4d7       100%        7
 Summon Lightning Spire   Summ/Air       Unusable   N/A       N/A         4
 Simulacrum               Ice/Necr       Unusable   N/A       N/A         6

Dungeon Overview and Level Annotations

Branches:
Dungeon (12/15)            Temple (1/1) D:6            Lair (5/5) D:11
 Shoals (0/4) Lair:3       Spider (0/4) Lair:3        Slime (0/5) Lair:5
    Orc (0/2) D:10

Altars:
Ashenzari
Cheibriados
Dithmenos
Elyvilon
Fedhas
Gozag
Hepliaklqana
Kikubaaqudgha
Makhleb
Nemelex Xobeh
Okawaru
Qazlal
Ru
Sif Muna
Trog
Uskayaw
Vehumet
Wu Jian
Xom
Yredelemnul
Zin
The Shining One
Jiyva

Annotations:
D:4 exclusion: goblin
D:12 Rupert
Lair:1 2 transporters, Purph's ghost, journeyman MiBe
Lair:4 2 transporters, wormed's ghost, journeyman GrFi


Innate Abilities, Weirdness & Mutations

You are immune to sickness and miasma.
Your stone body is resilient. (AC +11)
You are immune to poison.
Your large and strong wings let you fly.
You resist negative energy. (rN+)
You are resistant to electric shocks. (rElec)
You are resistant to unholy torment.
You are immune to petrification.


Message History

The black bear claws you but does no damage.
You whack the black bear!
The black bear looks as sick as possible!
The black bear is severely wounded.
The black bear completely misses you.
The black bear claws you but does no damage.
You block the black bear's attack.
You whack the black bear!
You kill the black bear!
Okawaru accepts your kill.
The black bear's shape twists and changes as it dies.
Found a gateway leading out of the Abyss.
You see here a shapeshifter corpse.
There is a gateway leading out of the Abyss here.
You pass through the gate.
Welcome back to the Dungeon!
Level annotation: Rupert Rupert roars madly and goes into a rage!
Rupert goes berserk!
You hit Rupert.
Rupert is poisoned.
Rupert is lightly wounded.
You block Rupert's attack.
You whack Rupert!
Rupert looks as sick as possible!
Rupert is lightly wounded.
Rupert hits you with a +1 battleaxe of distortion!
You blink.
Press: ? - help, v - describe, . - travel
Here: Rupert, wielding a +1 battleaxe of distortion and wearing a +0 leather armour (lightly wounded, berserk, extremely poisoned)
The floor.
Okay, then.
You fail to use your ability.
You block Rupert's attack.
You whack Rupert!
Rupert is lightly wounded.
You block Rupert's attack.
You closely miss Rupert.
Rupert is lightly wounded.
Rupert hits you with a +1 battleaxe of distortion!!
* * * LOW HITPOINT WARNING * * *
Space warps horribly around you!
You die...

##### #..# ##...####
#..#### #
#...[...#####.....####
##.........#..###<.....
#............## ####...
###.........## ####
#####...### ####
###..## ###..# ####
##.@@#####....##
#...##..#####.......#
#.....## #........## #
####.## #.........# #
###..# #.........## #
##....## #..........###
#......# #..........##.
##......#
#...........#.
#.......#
#.............


You could see Rupert (berserk, very poisoned).

Vanquished Creatures
  Jorgrun (D:12)
  Azrael (D:12)
  A fire dragon (Lair:5)
  Snorg (D:12)
  Josephine (Lair:3)
  A boulder beetle (Lair:2)
  5 hydras
  A catoblepas (Lair:5)
  2 two-headed ogres
  4 death yaks
  Urug (D:11)
  Nergalle (Lair:1)
  3 skeletal warriors (D:10)
  Amaemon (D:8)
  A swamp dragon (Lair:5)
  A lindwurm (Lair:5)
  Pikel (D:8)
  An orc sorcerer (D:12)
  2 ugly things
  3 manticores
  8 black mambas
  12 elephants
  13 cane toads
  A smoke demon (Abyss:3)
  A gargoyle (D:10)
  Maggie (D:8)
  An orange demon (D:8)
  4 torpor snails
  6 rime drakes (Lair:5)
  7 komodo dragons
  Psyche (D:9)
  An unseen horror (D:11)
  A troll (D:9)
  A polar bear (Lair:4)
  4 raiju (Abyss:3)
  2 hornets (Lair:5)
  5 dream sheep
  25 blink frogs
  A vampire (D:12)
  Sigmund (D:3)
  A shadow (D:11)
  9 wyverns
  5 wraiths
  4 fire elementals (D:12)
  A spriggan (Lair:5)
  46 yaks
  4 basilisks
  5 steam dragons
  6 vampire mosquitoes
  Menkaure (D:6)
  Edmund (D:5)
  An acid dragon (Lair:5)
  15 water moccasins
  2 hell hounds (D:12)
  A black bear (shapeshifter) (Abyss:4)
  A swamp drake (Lair:5)
  4 orc warriors
  4 sky beasts
  2 black bears (D:5)
  An ice beast (D:6)
  3 ogres
  A small abomination (Abyss:3)
  10 wolves
  8 centaurs
  4 lemures (D:8)
  A kobold brigand (D:11)
  A necrophage (D:5)
  10 bullfrogs
  6 scorpions
  4 wights (Abyss:3)
  10 killer bees
  2 howler monkeys
  4 electric eels
  4 hounds
  Crazy Yiuf (D:7)
  13 orc priests
  3 jellies
  9 iguanas
  4 hell rats (Lair:5)
  16 orc wizards
  Robin (D:4)
  5 adders
  A white imp (D:6)
  2 ufetubi
  2 worms
  3 dart slugs
  43 orcs
  6 bats
  7 endoplasms
  7 giant cockroaches
  33 goblins
  11 hobgoblins
  4 quokkas
  4 ball pythons
  5 frilled lizards
  17 kobolds
  4 rats
512 creatures vanquished.

Vanquished Creatures (others)
  40 fungi
  109 plants
149 creatures vanquished.

Grand Total: 661 creatures vanquished

Notes
Turn   | Place    | Note
-------+----------+-------------------------------------------
     0 | D:1      | fishmans the Gargoyle Fighter began the quest for the Orb.
     0 | D:1      | Reached XP level 1. HP: 14/14 MP: 1/1
   241 | D:1      | Found a faded altar of an unknown god.
   296 | D:1      | Reached XP level 2. HP: 12/19 MP: 2/2
   916 | D:1      | Reached skill level 3 in Maces & Flails
   934 | D:1      | Reached XP level 3. HP: 23/23 MP: 3/3
  1607 | D:2      | Reached XP level 4. HP: 24/28 MP: 4/4
  2422 | D:3      | Noticed Sigmund
  2711 | D:3      | Reached skill level 4 in Maces & Flails
  3398 | D:3      | Killed Sigmund
  3399 | D:3      | Reached skill level 5 in Maces & Flails
  3399 | D:3      | Reached XP level 5. HP: 7/32 MP: 5/5
  3399 | D:3      | Reached XP level 6. HP: 8/37 MP: 6/6
  3765 | D:3      | Reached skill level 5 in Armour
  4883 | D:4      | Noticed Robin
  4891 | D:4      | Reached skill level 6 in Maces & Flails
  4986 | D:4      | Reached XP level 7. HP: 39/41 MP: 7/7
  5046 | D:4      | Found a shimmering blue altar of Sif Muna.
  5388 | D:4      | Found a white marble altar of Elyvilon.
  5415 | D:4      | Killed Robin
  5492 | D:5      | Entered Level 5 of the Dungeon
  5567 | D:5      | Noticed Edmund
  5616 | D:5      | Killed Edmund
  5617 | D:5      | Reached skill level 7 in Maces & Flails
  5943 | D:5      | Reached skill level 8 in Maces & Flails
  5943 | D:5      | Reached XP level 8. HP: 46/46 MP: 8/8
  6115 | D:5      | Found a shadowy altar of Dithmenos.
  6204 | D:5      | Reached skill level 9 in Maces & Flails
  6831 | D:6      | Reached skill level 10 in Maces & Flails
  6915 | D:6      | Found a hide-covered altar of Uskayaw.
  6924 | D:6      | Noticed a wraith
  7265 | D:6      | Found a staircase to the Ecumenical Temple.
  7311 | D:6      | Reached XP level 9. HP: 51/51 MP: 9/9
  7343 | Temple   | Entered the Ecumenical Temple
  7818 | Temple   | Became a worshipper of Warmaster Okawaru
  8006 | D:6      | Noticed Menkaure
  8018 | D:6      | Killed Menkaure
  8019 | D:6      | Reached skill level 11 in Maces & Flails
  8405 | D:7      | Reached * piety under Okawaru
  8668 | D:7      | Found a runed translucent door.
  8669 | D:7      | Noticed Crazy Yiuf
  8873 | D:7      | Reached skill level 12 in Maces & Flails
  9592 | D:7      | Killed Crazy Yiuf
  9660 | D:8      | Noticed Maggie
  9797 | D:8      | Noticed Amaemon
  9823 | D:8      | Noticed an orange demon
  9839 | D:8      | Killed Amaemon
  9839 | D:8      | Reached ** piety under Okawaru
  9840 | D:8      | Reached skill level 13 in Maces & Flails
  9840 | D:8      | Reached XP level 10. HP: 37/56 MP: 7/10
  9844 | D:8      | Killed an orange demon
 10374 | D:8      | Found a blossoming altar of Fedhas.
 10417 | D:8      | Killed Maggie
 10451 | D:8      | Reached skill level 14 in Maces & Flails
 10491 | D:8      | Noticed a two-headed ogre
 10636 | D:8      | Killed a two-headed ogre
 10829 | D:8      | Noticed Pikel
 10946 | D:8      | Killed Pikel
 12260 | D:8      | Reached skill level 15 in Maces & Flails
 12718 | D:8      | Reached *** piety under Okawaru
 13002 | D:9      | Reached XP level 11. HP: 55/60 MP: 11/11
 13204 | D:9      | Noticed Psyche
 13275 | D:9      | Killed Psyche
 13636 | D:9      | Noticed a manticore
 13656 | D:9      | Killed a manticore
 13774 | D:9      | Reached **** piety under Okawaru
 13912 | D:9      | Reached skill level 5 in Fighting
 14293 | D:10     | Entered Level 10 of the Dungeon
 14684 | D:10     | Noticed a skeletal warrior
 14832 | D:10     | Noticed a two-headed ogre
 14834 | D:10     | Noticed a skeletal warrior
 15371 | D:10     | Killed a two-headed ogre
 15491 | D:10     | Found a staircase to the Orcish Mines.
 15535 | D:10     | Killed a skeletal warrior
 15688 | D:10     | Noticed a skeletal warrior
 15699 | D:10     | Killed a skeletal warrior
 15699 | D:10     | Reached ***** piety under Okawaru
 15728 | D:10     | Killed a skeletal warrior
 15729 | D:10     | Reached skill level 16 in Maces & Flails
 16198 | D:10     | Identified the +1 chain mail of the Locust {rC+ Str+4
                  | Int+4}
 16381 | D:11     | Noticed Urug
 16402 | D:11     | Killed Urug
 16589 | D:11     | Found a staircase to the Lair.
 16759 | D:11     | Reached skill level 1 in Dodging
 16759 | D:11     | Reached XP level 12. HP: 62/72 MP: 12/12
 17252 | D:11     | Identified the +1 hat of Enosu {Str+4} (Okawaru gifted it
                  | to you on level 11 of the Dungeon)
 17252 | D:11     | Received a gift from Okawaru
 17666 | Lair:1   | Entered Level 1 of the Lair of Beasts
 17694 | Lair:1   | Noticed Nergalle
 17710 | Lair:1   | Killed Nergalle
 18169 | Lair:1   | Reached skill level 10 in Armour
 18784 | Lair:1   | Noticed Purph's ghost (journeyman MiBe)
 18796 | Lair:1   | Found a transporter.
 18801 | Lair:1   | Found a transporter.
 19283 | Lair:2   | Noticed a seven-headed hydra
 19544 | Lair:2   | Reached skill level 10 in Fighting
 19673 | Lair:2   | Reached XP level 13. HP: 55/82 MP: 13/13
 20271 | Lair:2   | Received a gift from Okawaru
 21034 | Lair:3   | Found a staircase to the Shoals.
 21450 | Lair:3   | Noticed Josephine
 21467 | Lair:3   | Killed Josephine
 21520 | Lair:3   | Reached ****** piety under Okawaru
 21884 | Lair:3   | Found a hole to the Spider Nest.
 22655 | Lair:4   | Found a transporter.
 22657 | Lair:4   | Noticed wormed's ghost (journeyman GrFi)
 22661 | Lair:4   | Found a bloodstained altar of Trog.
 23081 | Lair:4   | Reached skill level 17 in Maces & Flails
 23101 | Lair:4   | Reached skill level 5 in Dodging
 23756 | Lair:4   | Found a transporter.
 24097 | Lair:5   | Entered Level 5 of the Lair of Beasts
 24129 | Lair:5   | Gained mutation: Your large and strong wings let you fly.
                  | [Gargoyle growth]
 24129 | Lair:5   | Reached XP level 14. HP: 91/91 MP: 14/14
 24195 | Lair:5   | Reached skill level 5 in Shields
 24434 | Lair:4   | Received a gift from Okawaru
 24982 | Lair:5   | Reached skill level 1 in Throwing
 26331 | Lair:5   | Found a viscous altar of Jiyva.
 26331 | Lair:5   | Found a staircase to the Slime Pits.
 26529 | Lair:5   | Received a gift from Okawaru
 27423 | D:12     | Identified 2 scrolls of acquirement
 27446 | D:12     | Noticed Jorgrun
 27498 | D:12     | Killed Jorgrun
 27498 | D:12     | Identified the +1 pair of gloves of Compression {Rampage
                  | rPois rC+++ Will-} (Okawaru gifted it to you on level 12 of
                  | the Dungeon)
 27498 | D:12     | Received a gift from Okawaru
 28052 | D:12     | Noticed Azrael
 28096 | D:12     | Killed Azrael
 28375 | D:12     | Learned a level 3 spell: Swiftness
 28614 | D:12     | Noticed Snorg
 28648 | D:12     | Killed Snorg
 28649 | D:12     | Reached XP level 15. HP: 60/97 MP: 15/15
 28854 | D:12     | Noticed Rupert
 28887 | D:12     | HP: 4/97 [Rupert/+1 battleaxe of distortion (4)]
 28889 | Abyss:3  | Cast into level 3 of the Abyss (Rupert)
 29148 | Abyss:3  | Noticed a tentacled starspawn
 29169 | D:12     | Escaped the Abyss
 29176 | D:12     | Mangled by Rupert

Illustrated notes

Levels and vault maps discovered:
D:1:      minmay_arrival_up_and_down, layout_basic, basic_ecumenical_altar
D:2:      layout_loops_ring
D:3:      layout_basic, uniq_sigmund
D:4:      nicolae_cairo_tiling_large, layout_cave_pools,
          mainiacjoe_overflow_swirl, minmay_goblin_kobold_house, uniq_robin
D:5:      layout_cave_pools, nicolae_dithmenos_the_darkroom,
          minmay_ogre_servants, uniq_edmund
D:6:      layout_basic, mainiacjoe_overflow_six_doors_small,
          minmay_temple_entry_stoned_glass, uniq_menkaure
D:7:      layout_loops_corners, uniq_crazy_yiuf_cottage
D:8:      layout_cave_pods, fedhas_altar_3, uniq_maggie, uniq_pikel,
          uniq_amaemon
D:9:      layout_cave_pools, chequers_big_river, uniq_psyche
D:10:     layout_basic, david_orc_3, enter_bailey_5, kennysheep_small_square
D:11:     layout_basic, david_lair_shrubbed, uniq_urug
D:12:     layout_cave_pods, minmay_librarian, uniq_snorg, uniq_rupert,
          uniq_azrael, uniq_jorgrun
Temple:   minmay_temple_bridge_d
Lair:1:   layout_loops_ring, gammafunk_ghost_hive, serial_bayou_shore_a,
          serial_bayou_shore_b, grunt_megastairs_3, uniq_nergalle
Lair:2:   layout_cave_pods, chequers_serial_rivers_room_b, st_stairs_10,
          infiniplex_staircase_pool
Lair:3:   layout_cave_pods, shoals_dummy_entry,
          nicolae_spider_entry_non_spiders, serial_bayou_ford_a,
          serial_bayou_shore_b, uniq_josephine
Lair:4:   layout_cave_pods, gammafunk_ghost_wrathful_warriors,
          chequers_serial_rivers_room_a
Lair:5:   hangedman_lair_in_review, layout_regular_city,
          guppyfry_lair_end_dragon, dpeg_slime_entry_enclosed,
          chequers_serial_rivers_micro_d, grunt_forest_large_clearing_hut

Skill      XL: |  1  2  3  4  5  6  7  8  9 10 11 12 13 14 15 |
---------------+----------------------------------------------+-----
Maces & Flails | 3 5 6 8 10 13 15 16 17 | 17.1
Armour         | 4 5 8 10 12 13 | 13.5
Fighting       | 7 10 11 12 | 12.9
Dodging        | 1 3 5 6 |  6.7
Shields        | 4 7 |  7.5
Throwing       | 3 4 |  4.0
Air Magic      | |  0.8

Action                   |  1- 3 |  4- 6 |  7- 9 | 10-12 | 13-15 || total
-------------------------+-------+-------+-------+-------+-------++-------
Melee: Flail             |   104 |   216 |    83 |       |       ||   403
       Dire flail        |       |       |   211 |   765 |    68 ||  1044
       Unarmed           |       |       |     2 |       |       ||     2
       Demon whip        |       |       |       |       |   984 ||   984
Throw: Stone             |     7 |       |       |     1 |       ||     8
       Boomerang         |       |       |     9 |    13 |       ||    22
       Dart              |       |       |     2 |     9 |       ||    11
Invok: Heroism           |       |       |     2 |       |     1 ||     3
       Finesse           |       |       |       |     1 |     3 ||     4
  Use: Scroll            |       |    12 |     9 |     3 |     4 ||    28
       Potion            |       |     1 |     1 |     3 |     8 ||    13
Armor: Scale mail        |    50 |       |       |       |       ||    50
       Chain mail        |     9 |    54 |       |       |       ||    63
       Plate armour      |       |    65 |   155 |   260 |   435 ||   915
Dodge: Dodged            |    48 |   121 |   120 |   271 |   283 ||   843
Block: Buckler           |    21 |    77 |    43 |       |       ||   141
       Reflection        |       |     1 |     3 |     9 |    17 ||    30
       Other             |       |       |    35 |   119 |    13 ||   167
       Tower shield      |       |       |       |       |   784 ||   784
